 Dungeon Crawl Stone Soup version 0.27-a0-1187-ge80a49f48c (webtiles) character file.

Game seed: 6469559907536511324

424 EldarEldrad the Chopper (level 6, -2/84 HPs)
             Began as a Minotaur Berserker on May 20, 2021.
             Was a Believer of Trog.
             Slain by a yak (13 damage)
             ... on level 3 of the Dungeon.
             The game lasted 00:11:05 (3086 turns).

EldarEldrad the Chopper (Minotaur Berserker)        Turns: 3086, Time: 00:11:05

Health: -2/84      AC:  5    Str: 22    XL:     6   Next: 64%
Magic:  5/5        EV: 11    Int:  4    God:    Trog [**....]
Gold:   95         SH:  0    Dex: 11    Spells: 5/5 levels left

rFire    . . .     SeeInvis .   a - +0 hand axe
rCold    . . .     Faith    .   (no shield)
rNeg     . . .     Spirit   .   l - +0 ring mail
rPois    .         Reflect  .   (helmet restricted)
rElec    .         Harm     .   (no cloak)
rCorr    .         Rampage  .   (no gloves)
Will     .....                  (no boots)
Stlth    ..........             (no amulet)
HPRegen  0.24/turn              (no ring)
MPRegen  0.09/turn              (no ring)

@: berserking, very quick
A: horns 2, retaliatory headbutt
a: Renounce Religion, Berserk, Trog's Hand


You were on level 3 of the Dungeon.
You worshipped Trog.
Trog was pleased with you.
You visited 1 branch of the dungeon, and saw 4 of its levels.

You collected 95 gold pieces.

Inventory:

Hand Weapons
 a - a +0 hand axe (weapon)
Missiles
 c - 25 poisoned darts (quivered)
 m - a throwing net
Armour
 l - a +0 ring mail (worn)
 r - a +0 plate armour
Scrolls
 b - 2 scrolls of noise {unknown}
 f - 5 scrolls of identify {unknown}
 h - a scroll of summoning {unknown}
 i - 2 scrolls of amnesia {unknown}
 k - a scroll of enchant armour {unknown}
 n - a scroll of enchant weapon {unknown}
 p - a scroll of brand weapon {unknown}
 s - a scroll of teleportation {unknown}
Potions
 d - 2 potions of degeneration {unknown}
 e - a potion of heal wounds {unknown}
 g - a potion of magic {unknown}
 j - a potion of curing {unknown}
 o - 2 potions of mutation {unknown}
 q - a potion of brilliance {unknown}
 t - a potion of ambrosia {unknown}
 u - a potion of lignification {unknown}


   Skills:
 - Level 5.0 Fighting
 * Level 7.2 Axes
 + Level 3.3 Throwing
 - Level 2.4 Armour
 - Level 2.1 Dodging


You had 5 spell levels left.
You didn't know any spells.
Your spell library was empty.

Dungeon Overview and Level Annotations

Branches:
Dungeon (4/15)
 Temple: D:4-7

Altars:


Innate Abilities, Weirdness & Mutations

You have a pair of horns on your head.
You reflexively headbutt those who attack you in melee.


Message History

You climb upwards.
There is a stone staircase leading down here.
A red film seems to cover your vision as you go berserk!
You feel yourself moving faster!
You feel mighty! The yak barely misses you. The yak closely misses you.
The yak misses you.
You hit the yak. You headbutt the yak!
The yak is heavily wounded.
You slash the yak! You barely miss the yak. The yak gores you!
* * * LOW HITPOINT WARNING * * *
The yak closely misses you. You furiously retaliate!
You headbutt the yak! You barely miss the yak. You headbutt the yak!!
The yak is almost dead.
You slash the yak! You hit the yak.
You kill the yak!
Trog accepts your kill. The yak gores you.
* * * LOW HITPOINT WARNING * * *
The yak gores you.
* * * LOW HITPOINT WARNING * * *
Training target 5.0 for Fighting reached!
Your Fighting skill increases to level 5!
Your Axes skill increases to level 6!
You have reached level 5!
You have reached level 6!
Your experience leads to an increase in your attributes!
Increase (S)trength, (I)ntelligence, or (D)exterity?
You feel agile.
You slash the yak!
You kill the yak!
Trog accepts your kill.
You hit the yak.
Your Axes skill increases to level 7!
Your Throwing skill increases to level 3!
You barely miss the yak. You headbutt the yak!
The yak is severely wounded.
The yak barely misses you.
You completely miss the yak.
The yak is severely wounded.
The yak gores you!
You die...

##.###.## ##...##.######..# #.#
#.# ##.###.######..# #.# #.# #.#
#.........## ##.# #.# #.#
#########... ...# #.# ##### ##'##
###. #### #.###...# ##...## #.
#.......###.....## ### #.
###.#...##Y.†....## ##.###.
#######...#.##..@......####...##.
.............'.........+.......#.
#.#####...#.##.........####...#..
..# ##.##.###.......## ##.....
### ##.##.# ##.....## #.##..
##...#.# ###...#### #.###.
#......# #........# #.# ##
##...### #.##.###.# #.# ##.##
###.##.###.#####.#


You could see a yak.

Vanquished Creatures
  2 yaks (D:3)
  An orc priest (D:3)
  3 gnolls (D:2)
  A worm (D:3)
  2 dart slugs (D:2)
  2 orcs (D:3)
  8 bats
  6 endoplasms
  5 giant cockroaches
  3 goblins
  3 hobgoblins
  5 jackals
  3 quokkas
  3 ball pythons
  7 frilled lizards
  8 kobolds
  6 rats
68 creatures vanquished.

Notes
Turn   | Place    | Note
-------+----------+-------------------------------------------
     0 | D:1      | EldarEldrad the Minotaur Berserker began the quest for the
                  | Orb.
     0 | D:1      | Reached XP level 1. HP: 19/19 MP: 0/0
   363 | D:1      | Reached skill level 4 in Axes
   572 | D:1      | Reached XP level 2. HP: 27/27 MP: 1/1
  1468 | D:2      | Found a faded altar of an unknown god.
  1586 | D:2      | Reached XP level 3. HP: 33/33 MP: 2/2
  1620 | D:2      | Reached ** piety under Trog
  1634 | D:2      | Reached skill level 1 in Throwing
  1871 | D:2      | Reached skill level 5 in Axes
  1871 | D:2      | Reached XP level 4. HP: 41/41 MP: 3/3
  3061 | D:4      | Noticed a yak
  3064 | D:4      | Noticed a yak
  3065 | D:4      | Noticed a yak
  3066 | D:4      | Noticed a yak
  3067 | D:4      | Noticed a yak
  3083 | D:3      | Killed a yak
  3084 | D:3      | Reached skill level 5 in Fighting
  3084 | D:3      | Reached skill level 6 in Axes
  3084 | D:3      | Reached XP level 5. HP: 9/48 MP: 4/4
  3084 | D:3      | Reached XP level 6. HP: 11/56 MP: 5/5
  3084 | D:3      | Killed a yak
  3085 | D:3      | Reached skill level 7 in Axes
  3086 | D:3      | Slain by a yak

Illustrated notes

Levels and vault maps discovered:
D:1:      sevenhm_arrival_forest_fort_small_5, layout_basic, solitary_fountain
D:2:      layout_rooms, shapermc_ecumenical_altar_notcrosses
D:3:      layout_loops_corners
D:4:      layout_cave_pools, minmay_temple_entry_mini_moons,
          minmay_misc_feat_enclosed, minmay_misc_feat_five

Skill      XL: |  1  2  3  4  5  6 |
---------------+-------------------+-----
Axes           | 4 5 6 7 |  7.2
Fighting       | 4 5 |  5.0
Throwing       | 1 2 3 |  3.3
Armour         | |  2.4
Dodging        | |  2.1

Action                   |  1- 3 |  4- 6 || total
-------------------------+-------+-------++-------
Melee: Hand axe          |    88 |    75 ||   163
       Headbutt          |    11 |    13 ||    24
Throw: Dart              |     2 |       ||     2
Invok: Berserk           |     1 |     1 ||     2
Armor: Animal skin       |    11 |       ||    11
       Ring mail         |     9 |    24 ||    33
Dodge: Dodged            |    42 |    24 ||    66

Table legend: (Time is in decaauts)
 A = Elapsed time spent in this place.
 B = Non-inter-level travel time spent in this place.
 C = Inter-level travel time spent in this place.
 D = Time resting spent in this place.
 E = Time spent auto-exploring this place.
 F = Levels seen in this place.
 G = Mean time per level.
                   A        B        C        D        E       F      G
               +--------+--------+--------+--------+--------+-----+--------+
         Total |   3104 |   2962 |    142 |    113 |   2198 |   4 |  776.0 |
       Dungeon |   3104 |   2962 |    142 |    113 |   2198 |   4 |  776.0 |
               +--------+--------+--------+--------+--------+-----+--------+

Top non-repeatable levels by time:
     D:1: 1505 daAuts
     D:3: 913 daAuts
     D:2: 583 daAuts
     D:4: 102 daAuts
